 Dungeon Crawl Stone Soup version 0.30-a0-918-g0ff054e9dc (webtiles) character file.

Game seed: 7937990989474538478

334306 browni3141 the Pyromancer (level 20, -20/161 HPs)
             Began as a Demonspawn Fire Elementalist on Mar 20, 2023.
             Was the Champion of Dithmenos.
             Demolished by a rockslime (32 damage)
             ... created by the Royal Jelly
             ... on level 5 of the Pits of Slime on Mar 21, 2023.
             The game lasted 02:32:22 (45418 turns).

browni3141 the Pyromancer (DsFE)                   Turns: 45418, Time: 02:32:23

Health: -20/161    AC: 18    Str: 11    XL:     20   Next: 94%
Magic:  0/43       EV: 13    Int: 31    God:    Dithmenos [******]
Gold:   1243       SH: 13    Dex: 18    Spells: 2/40 levels left

rFire   . . .      SeeInvis .    C - +5 long sword (freeze)
rCold   . . .      Faith    .    l - +2 buckler {AC+3}
rNeg    . . .      Spirit   +    J - +2 troll leather armour
rPois   +          Reflect  +    N - +2 helmet
rElec   +          Rampage  .    a - +2 cloak {Will+}
rCorr   +                        (gloves unavailable)
Will    +++..                    F - +2 pair of boots "Meg Zoanum" {Str+5 Int+3 Slay+2}
Stlth   ++++++++                 M - amulet of reflection
HPRegen 1.26/turn                W - ring of resist corrosion
MPRegen 0.56/turn                Z - ring of the Garden {+Blink Will+ MP+9 Slay+4}

@: brilliant, about to teleport, wreathed by umbra, studying Throwing, corroded
A: thin metallic scales 3, robust 1, spiny 3, magic shield, magic regeneration,
demonic touch 3, agile 1, clever 1, poison resistance
}: 2/15 runes: decaying, serpentine
a: Renounce Religion, Evoke Blink, Shadow Step, Shadow Form


You were on level 5 of the Pits of Slime.
You worshipped Dithmenos.
Dithmenos was exalted by your worship.
You visited 9 branches of the dungeon, and saw 43 of its levels.
You also visited: Ice Cave and Volcano.

You collected 4712 gold pieces.
You spent 3469 gold pieces at shops.

Inventory:

Hand Weapons
 C - a +5 long sword of freezing (weapon)
Missiles
 s - 6 throwing nets
Armour
 a - a +2 cloak of willpower (worn)
 l - a +2 buckler of protection (worn)
 F - the +2 pair of boots "Meg Zoanum" (worn) {Str+5 Int+3 Slay+2}
   (You found it in an ice cave)

   Str:       It affects your strength (+5).
   Int:       It affects your intelligence (+3).
   Slay:      It affects your accuracy & damage with ranged weapons and melee
   (+2).
 J - a +2 troll leather armour (worn)
 N - a +2 helmet (worn)
Jewellery
 k - the ring of the Prince {Wiz rC+}
   (You bought it in a shop on level 1 of the Elven Halls)

   [ring of wizardry]

   It improves your spell success rate.
   rC:        It protects you from cold.
 M - an amulet of reflection (around neck)
 T - a ring of protection from fire
 U - a ring of positive energy
 W - a ring of resist corrosion (left hand)
 Z - the ring of the Garden (right hand) {+Blink Will+ MP+9 Slay+4}
   (You took it off an orc on level 14 of the Dungeon)

   [ring of slaying]

   Slay:      It affects your accuracy & damage with ranged weapons and melee
   (+4).
   MP:        It affects your magic capacity (+9).
   +Blink:    It lets you blink.
   Will:      It increases your willpower.
Wands
 e - a wand of iceblast (8)
 v - a wand of charming (34)
 H - a wand of flame (55)
 K - a wand of digging (8)
 V - a wand of acid (2)
 X - a wand of mindburst (11)
Scrolls
 c - 15 scrolls of vulnerability
 d - 5 scrolls of amnesia
 n - 2 scrolls of brand weapon
 o - 3 scrolls of torment
 q - 3 scrolls of immolation
 t - 5 scrolls of poison
 B - 6 scrolls of fear
 D - 2 scrolls of blinking
 E - 4 scrolls of teleportation
 I - 7 scrolls of fog
 P - 6 scrolls of enchant weapon
 Q - 7 scrolls of magic mapping
 R - 5 scrolls of noise
 S - a scroll of silence
Potions
 b - 7 potions of magic
 f - 3 potions of brilliance
 g - 15 potions of curing
 h - 12 potions of flight
 i - 8 potions of mutation
 j - a potion of resistance
 m - 6 potions of might
 p - 6 potions of degeneration
 r - 4 potions of lignification
 u - 7 potions of berserk rage
 w - 2 potions of ambrosia
 x - 5 potions of haste
 z - 4 potions of attraction
 L - 2 potions of invisibility {unknown}
 O - 6 potions of heal wounds
Miscellaneous
 y - a condenser vane
 A - a tin of tremorstones (2/2)
 G - a box of beasts (inert)
 Y - a phantom mirror


   Skills:
 - Level 10.0 Fighting
 - Level 14.0 Long Blades
 - Level 4.0 Dodging
 - Level 10.0 Stealth
 - Level 5.0 Shields
 - Level 10.5 Spellcasting
 - Level 8.0 Conjurations
 - Level 3.0 Hexes
 * Level 23.1 Fire Magic
 - Level 6.0 Air Magic
 - Level 15.0 Invocations
 - Level 10.0 Evocations


You had 2 spell levels left.
You knew the following spells:

 Your Spells              Type           Power      Damage    Failure   Level
a - Foxfire               Conj/Fire      100%       2x1d9     0%          1
b - Scorch                Fire           100%       2d10      0%          2
c - Inner Flame           Hex/Fire       98%        N/A       1%          3
d - Flame Wave            Conj/Fire      100%       2d21      1%          4
e - Sticky Flame          Conj/Fire      100%       2d11      1%          4
f - Fireball              Conj/Fire      53%        3d21      1%          5
g - Starburst             Conj/Fire      53%        6d14      1%          6
h - Ignition              Fire           63%        3d17      2%          8
i - Plasma Beam           Fire/Air       51%        2x1d72    1%          5

Your spell library contained the following spells:

 Spells                   Type           Power      Damage    Failure   Level
 Magic Dart               Conj           100%       1d8       1%          1
 Shock                    Conj/Air       100%       1d9       1%          1
 Slow                     Hex            100%       N/A       1%          1
 Momentum Strike          Conj/Tloc      100%       3d10      1%          2
 Static Discharge         Conj/Air       100%       2-7/arc   1%          2
 Poisonous Vapours        Pois/Air       100%       N/A       2%          2
 Cigotuvi's Dreadful Rot  Necr/Pois/Air  86%        N/A       3%          2
 Ensorcelled Hibernation  Hex/Ice        76%        N/A       4%          2
 Beastly Appendage        Tmut           48%        N/A       5%          1
 Freeze                   Ice            96%        1d10      5%          1
 Sting                    Tmut/Pois      96%        1d7       5%          1
 Blink                    Tloc           48%        N/A       9%          2
 Call Imp                 Summ           24%        N/A       9%          2
 Lesser Beckoning         Tloc           48%        N/A       9%          2
 Sublimation of Blood     Necr           24%        N/A       9%          2
 Wereblood                Tmut           24%        N/A       9%          2
 Ignite Poison            Fire/Tmut/Pois 77%        N/A       1%          3
 Kindle Blastsparks       Fire/Tloc/Air  100%       2d18      1%          3
 Mephitic Cloud           Conj/Pois/Air  61%        N/A       2%          3
 Hailstorm                Conj/Ice       57%        3d12      3%          3
 Confusing Touch          Hex            51%        N/A       4%          3
 Tukima's Dance           Hex            51%        N/A       4%          3
 Vhi's Electric Charge    Tloc/Air       100%       N/A       4%          3
 Iskenderun's Battlesphe  Conj           78%        2d13      5%          5
 Portal Projectile        Hex/Tloc       76%        N/A       9%          3
 Summon Guardian Golem    Hex/Summ       38%        N/A       9%          3
 Arcjolt                  Conj/Air       37%        1d47      9%          5
 Call Canine Familiar     Summ           24%        N/A       16%         3
 Frozen Ramparts          Ice            48%        1d8       16%         3
 Gell's Gravitas          Tloc           24%        N/A       16%         3
 Spider Form              Tmut/Pois      24%        N/A       16%         3
 Teleport Other           Tloc           24%        N/A       16%         3
 Vampiric Draining        Necr           24%        2d7       16%         3
 Cause Fear               Hex            25%        N/A       16%         4
 Anguish                  Hex/Necr       19%        N/A       28%         4
 Irradiate                Conj/Tmut      28%        3d21      28%         5
 Conjure Ball Lightning   Conj/Air       37%        3x3d12    43%         6
 Animate Dead             Necr           24%        N/A       47%         4
 Ice Form                 Ice/Tmut       24%        N/A       47%         4
 Olgreb's Toxic Radiance  Pois           24%        N/A       47%         4
 Petrify                  Tmut/Erth      24%        N/A       47%         4
 Summon Ice Beast         Ice/Summ       24%        N/A       47%         4
 Summon Mana Viper        Hex/Summ       38%        N/A       63%         5
 Blade Hands              Tmut           12%        N/A       83%         5
 Borgnjor's Vile Clutch   Necr/Erth      12%        N/A       83%         5
 Orb of Destruction       Conj           39%        9d11      86%         7
 Death Channel            Necr           12%        N/A       100%        6
 Dispersal                Tloc           12%        N/A       100%        6
 Simulacrum               Ice/Necr       12%        N/A       100%        6
 Summon Cactus Giant      Summ           12%        N/A       100%        6
 Malign Gateway           Summ/Tloc      12%        N/A       100%        7
 Monstrous Menagerie      Summ           12%        N/A       100%        7
 Spellforged Servitor     Conj/Summ      28%        N/A       100%        7
 Summon Hydra             Summ           12%        N/A       100%        7
 Borgnjor's Revivificati  Necr           12%        N/A       100%        8
 Discord                  Hex            25%        N/A       100%        8
 Necromutation            Tmut/Necr      12%        N/A       100%        8
 Chain Lightning          Conj/Air       37%        3d49      100%        9
 Death's Door             Necr           12%        N/A       100%        9


Dungeon Overview and Level Annotations

Branches:
Dungeon (15/15)            Temple (1/1) D:4            Lair (5/5) D:8
  Swamp (4/4) Lair:3        Snake (4/4) Lair:2        Slime (5/5) Lair:5
    Orc (2/2) D:11            Elf (3/3) Orc:2        Vaults (0/5) D:14
 Depths (4/4) D:15          IceCv (visited)         Volcano (visited)
    Zot: Depths:4

Altars:
Ashenzari
Cheibriados
Dithmenos
Fedhas
Gozag
Hepliaklqana
Kikubaaqudgha
Makhleb
Nemelex Xobeh
Okawaru
Qazlal
Ru
Sif Muna
Trog
Uskayaw
Vehumet
Wu Jian
Xom
Yredelemnul
Jiyva

Shops:
D:10 :   D:11 =   Orc:2 (?**   Elf:1 =:(   Elf:3 !:   Snake:3 ?   Snake:4 (?*((

Portals:
Hell: Depths:1

Annotations:
Orc:1 6 transporters
Elf:2 5 runed translucent doors
Elf:3 2 runed translucent doors, exclusions: 2 doors and 2 more exclusions, Dataggej's ghost, adept MiBe
Depths:3 1 transporter


Innate Abilities, Weirdness & Mutations

You are completely covered in thin metallic scales. (AC +4, rElec)
You are robust. (+10% HP)
You are completely covered in sharp spines.
When hurt, damage is shared between your health and your magic reserves.
You regenerate magic rapidly.
Your touch may irresistibly damage your foes and sap their willpower.
You are agile. (Dex +4, Str/Int -1)
Your mind is acute. (Int +4, Str/Dex -1)
Your system is resistant to poisons. (rPois)


Message History

Unknown command.
You are too injured to fight recklessly!
Unknown command.
Casting: Plasma Beam (mildly dangerous; 1% risk of failure)
Press: ? - help, Q - select action, (/) - cycle Dir - look around, f - activate You feel a surge of power!
The bolt of lightning hits the rockslime!
The rockslime resists.
The rockslime is severely wounded.
The fiery plasma hits the rockslime but does no damage.
The rockslime is severely wounded.
Unknown command.
Casting: Plasma Beam (mildly dangerous; 1% risk of failure)
Press: ? - help, Q - select action, (/) - cycle Dir - look around, f - activate You feel a surge of power!
The bolt of lightning hits the rockslime!
The rockslime resists.
The rockslime is lightly wounded.
The rockslime quivers.
The fiery plasma hits the rockslime!
The rockslime resists.
The rockslime is moderately wounded.
Unknown command.
Unknown command.
Unknown command.
You are too injured to fight recklessly!
Unknown command.
As you read the scroll of teleportation, it crumbles to dust.
You feel strangely unstable. The rockslime hits you!
You stumble backwards!
Unknown command.
Unknown command.
You hit the rockslime but do no damage.
The rockslime is severely wounded.
Your shadow hits the rockslime but does no damage.
The rockslime hits you!!!
* * * LOW HITPOINT WARNING * * *
You stumble backwards!
Acid dripping from the walls corrodes you.
The rockslime attacks as you move away! The rockslime hits you!!
You die...

.............#
..............#
...............#
...............#
................
.................#
...................#
................@##
...............J..#
..................#
.....§............#
......§§§.J.J..#.##
§§...§§§.§....####
§J...§§§§J...##
J....J§§§§....#
........§§#####


You could see a slime creature and 3 rockslimes.

Vanquished Creatures
  the Royal Jelly (Slime:5)
  Vashnia (Snake:4)
  A golden dragon (Depths:2)
  A tentacled monstrosity (Lair:3)
  2 deep elf blademasters (Elf:3)
  Asterion (Snake:4)
  A lich (Depths:2)
  Mlioglotl (Swamp:1)
  A quicksilver dragon (Depths:2)
  2 deep elf master archers (Elf:3)
  19 acid blobs
  A thorn hunter (Swamp:4)
  A kraken (Swamp:4)
  A storm dragon (Depths:2)
  Donald (Orc:2)
  4 nagarajas
  A tengu reaver (Depths:2)
  A fenstrider witch (Swamp:3)
  The ghost of pigah the Alchemist, an adept OpWn of Gozag (Swamp:4)
  4 azure jellies
  7 frost giants
  Aizul (Snake:2)
  2 fire giants (Depths:2)
  5 rockslimes
  Louise (Swamp:3)
  3 deep elf sorcerers (Elf:3)
  7 deep elf elementalists (Elf:3)
  9 quicksilver oozes
  A green draconian (Depths:4)
  A quicksilver ooze (shapeshifter) (Depths:2)
  3 very ugly things
  8 deep elf demonologists
  5 eleionomae
  4 stone giants
  The ghost of soul19 the Fighter, a journeyman DsFi of Jiyva (Lair:5)
  2 purple draconians
  5 deep elf annihilators (Elf:3)
  4 bunyips
  2 red draconians (Depths:4)
  3 spark wasps
  9 deep elf death magi (Elf:3)
  The ghost of timneilson the Protected, a journeyman GrFi of Okawaru (D:14)
  7 ettins
  3 deep elf high priests (Elf:3)
  Josephine (Orc:2)
  3 fire dragons
  2 jiangshi (Depths:3)
  3 shambling mangroves
  5 great orbs of eyes
  25 hydras
  5 salamander tyrants (Snake:4)
  An ogre mage (D:10)
  A spriggan air mage (Depths:2)
  A spriggan skeleton (Depths:1)
  4 ice dragons
  A ghost crab (Swamp:3)
  A hell beast (Depths:1)
  2 vault guards (D:14)
  2 catoblepae
  6 boulder beetles
  16 anacondas
  8 centaur warriors
  5 deep troll earth magi (Depths:2)
  4 two-headed ogres
  13 naga warriors
  7 dancing weapons
  A tengu warrior (D:12)
  6 alligators
  A vampire mage (Depths:3)
  2 deep troll shamans (Depths:2)
  3 orc high priests (Orc:2)
  Nergalle (Lair:3)
  A hell knight (Depths:1)
  3 spriggan berserkers
  10 shock serpents
  12 deep elf knights
  12 naga sharpshooters
  2 soul eaters (Depths:1)
  5 sun demons (Depths:1)
  Amaemon (D:10)
  Lodul (D:13)
  10 salamander mystics
  8 swamp dragons
  8 deep trolls (Depths:2)
  4 goliath frogs
  4 iron trolls (Depths:2)
  5 spriggan druids
  5 naga ritualists
  A glowing orange brain (Slime:5)
  10 bog bodies
  3 necromancers
  Pikel (D:8)
  2 wizards
  20 deep elf zephyrmancers
  7 deep elf archers
  A harpy (D:10)
  19 deep elf pyromancers
  11 mana vipers
  11 orc knights
  4 lindwurms
  35 ugly things
  An oklob plant (Lair:4)
  A wolf spider (D:13)
  A sphinx skeleton (Depths:1)
  6 orc sorcerers
  7 shining eyes
  26 salamanders
  5 manticores
  3 will-o-the-wisps
  6 elephants (Lair:2)
  7 guardian serpents
  12 cyclopes
  2 ice statues (IceCv)
  An eye of devastation (Slime:3)
  A smoke demon (Depths:1)
  36 black mambas
  Maggie (D:7)
  8 molten gargoyles
  22 naga magi
  4 gargoyles
  2 unseen horrors
  An orange demon (D:10)
  A hellion (Depths:1)
  5 rime drakes
  9 cane toads
  A cane toad (shapeshifter) (Elf:3)
  A tengu conjurer (Depths:4)
  2 yaktaurs
  A yaktaur (shapeshifter) (D:14)
  3 freezing wraiths
  10 komodo dragons
  12 tyrant leeches
  3 meliai (D:15)
  11 trolls
  2 polar bears
  Grinder (D:5)
  Prince Ribbit (D:8)
  7 hornets
  An air elemental (Elf:1)
  25 slime creatures
  An ettin skeleton (Depths:1)
  5 wraiths
  Sigmund (D:6)
  4 shadows
  8 wyverns
  6 spriggans
  37 yaks
  A water elemental (Elf:2)
  4 vampires
  18 humans (D:14)
  The ghost of Akorn the Ruffian, an amateur TrEE (D:3)
  2 fire elementals
  11 golden eyes
  5 steam dragons
  3 basilisks
  A death yak simulacrum (IceCv)
  18 vampire mosquitoes
  The ghost of ZoeForever1 the Firebug, an amateur DsFE (D:3)
  3 wargs (D:8)
  20 swamp worms
  40 nagas
  2 acid dragons
  3 hell hounds (Lair:5)
  A glowing shapeshifter skeleton (Depths:1)
  11 water moccasins
  2 ice beasts (D:6)
  13 swamp drakes
  31 orc warriors
  A sky beast (shapeshifter) (D:14)
  12 ogres
  3 centaurs
  2 phantoms
  2 kobold brigands
  Blork the orc (D:5)
  12 bullfrogs
  3 earth elementals
  3 gnoll sergeants
  A cane toad simulacrum (IceCv)
  4 scorpions
  11 wights
  The ghost of cheesebisquit the Chopper, a weakling MiBe of Trog (D:3)
  2 elephant simulacra (IceCv)
  The ghost of Zeldest the Caller, a weakling MeSu (D:3)
  5 electric eels
  5 lava snakes (Lair:5)
  2 hounds
  31 orc priests
  2 gnoll boudas
  Terence (D:2)
  A sleepcap (D:6)
  An iguana (D:6)
  36 orc wizards
  A polar bear simulacrum (IceCv)
  5 adders
  22 gnolls
  A shadow imp (D:6)
  15 white imps
  A worm (D:2)
  6 dart slugs
  77 orcs
  6 bats
  5 endoplasms
  A giant cockroach (D:3)
  6 goblins
  9 hobgoblins
  5 jackals
  15 kobolds
  6 quokkas
  6 ball pythons
  6 frilled lizards
  5 rats
  A bush (Lair:3)
  3 tentacles (Swamp:4)
1333 creatures vanquished.

Vanquished Creatures (collateral kills)
  A golden dragon (Depths:2)
  A tentacled monstrosity (Depths:2)
  A frost giant (Depths:2)
  A fire dragon (Depths:2)
  A boulder beetle (D:11)
  A soul eater (Depths:1)
  An eye of devastation (shapeshifter) (Depths:2)
  A floating eye (Depths:2)
  A foxfire (D:1)
9 creatures vanquished.

Vanquished Creatures (others)
  A spark wasp (Depths:2)
  A fire dragon (D:15)
  A deep elf knight (Elf:1)
  A deep elf pyromancer (Elf:3)
  A salamander (Volcano)
  A komodo dragon (Lair:5)
  565 foxfires
  27 fungi
  37 plants
  A tentacle (Swamp:4)
  16 withered plants
652 creatures vanquished.

Grand Total: 1994 creatures vanquished

Notes
Turn   | Place    | Note
-------+----------+-------------------------------------------
     0 | D:1      | browni3141 the Demonspawn Fire Elementalist began the quest
                  | for the Orb.
     0 | D:1      | Reached XP level 1. HP: 13/13 MP: 3/3
    40 | D:1      | Reached skill level 1 in Fighting
   176 | D:1      | Gained mutation: You are partially covered in sharp spines.
                  | [demonic ancestry]
   176 | D:1      | Reached XP level 2. HP: 21/21 MP: 1/5
   430 | D:1      | Reached skill level 3 in Fire Magic
   914 | D:2      | Noticed Terence
  1013 | D:2      | Gained mutation: You are partially covered in thin metallic
                  | scales. (AC +2) [demonic ancestry]
  1013 | D:2      | Reached XP level 3. HP: 26/26 MP: 3/6
  1286 | D:2      | Noticed a phantom
  1342 | D:2      | Killed a phantom
  1343 | D:2      | Reached skill level 4 in Fire Magic
  1343 | D:2      | Gained mutation: You are mostly covered in sharp spines.
                  | [demonic ancestry]
  1343 | D:2      | Reached XP level 4. HP: 23/32 MP: 3/7
  1402 | D:2      | Killed Terence
  1403 | D:2      | Gained mutation: Your touch may inflict minor irresistible
                  | damage on your foes. [demonic ancestry]
  1403 | D:2      | Reached XP level 5. HP: 29/37 MP: 0/8
  1406 | D:2      | Learned a level 2 spell: Scorch
  2376 | D:3      | Found a runed translucent gate.
  2376 | D:3      | Found a runed translucent gate.
  2376 | D:3      | Found a runed translucent gate.
  2457 | D:3      | Noticed Zeldest's ghost (weakling MeSu)
  2457 | D:3      | Noticed ZoeForever1's ghost (amateur DsFE)
  2458 | D:3      | Noticed cheesebisquit's ghost (weakling MiBe)
  2458 | D:3      | Noticed Akorn's ghost (amateur TrEE)
  2712 | D:3      | Noticed a phantom
  2717 | D:3      | Killed a phantom
  2718 | D:3      | Reached skill level 5 in Fire Magic
  2849 | D:3      | Gained mutation: You are mostly covered in thin metallic
                  | scales. (AC +3) [demonic ancestry]
  2849 | D:3      | Reached XP level 6. HP: 43/43 MP: 7/9
  3191 | D:3      | Learned a level 3 spell: Inner Flame
  3196 | D:3      | Learned a level 4 spell: Flame Wave
  3525 | D:4      | You fall into a shaft and drop 3 floors!
  3832 | D:7      | Noticed an orc warrior
  3854 | D:7      | Noticed Maggie
  4167 | D:5      | Entered Level 5 of the Dungeon
  4167 | D:5      | Noticed a vampire
  4266 | D:5      | Gained mutation: You regenerate magic rapidly. [demonic
                  | ancestry]
  4266 | D:5      | Reached XP level 7. HP: 51/51 MP: 4/13
  4343 | D:5      | Reached skill level 1 in Hexes
  4462 | D:5      | Noticed Grinder
  4472 | D:5      | Killed Grinder
  4583 | D:5      | Reached skill level 6 in Fire Magic
  4639 | D:5      | Gained mutation: You are completely covered in sharp
                  | spines. [demonic ancestry]
  4639 | D:5      | Reached XP level 8. HP: 58/58 MP: 7/14
  4998 | D:5      | Noticed Blork the orc
  5005 | D:5      | Killed Blork the orc
  5006 | D:5      | Reached skill level 7 in Fire Magic
  5086 | D:5      | Identified the +0 robe "Iduvuimu" {Harm rN++ Str-5 Int+3}
  5775 | D:4      | Found a staircase to the Ecumenical Temple.
  5855 | Temple   | Entered the Ecumenical Temple
  6013 | Temple   | Became a worshipper of Dithmenos the Shadowed
  6143 | D:4      | Found a shimmering blue altar of Sif Muna.
  6143 | D:4      | Found a snail-covered altar of Cheibriados.
  6373 | D:6      | Reached skill level 1 in Invocations
  6379 | D:6      | Reached skill level 8 in Fire Magic
  6972 | D:6      | Noticed Sigmund
  6980 | D:6      | Killed Sigmund
  6981 | D:6      | Gained mutation: Your touch may inflict irresistible damage
                  | on your foes. [demonic ancestry]
  6981 | D:6      | Reached XP level 9. HP: 65/65 MP: 9/15
  7520 | D:6      | Found a hide-covered altar of Uskayaw.
  7733 | D:7      | Killed Maggie
  7734 | D:7      | Reached skill level 5 in Invocations
  7972 | D:7      | Reached skill level 5 in Fighting
  7988 | D:7      | Reached skill level 1 in Evocations
  8283 | D:8      | Noticed Prince Ribbit
  8294 | D:8      | Killed Prince Ribbit
  8672 | D:8      | Identified the +2 pair of gloves of Squeaky Mirth {rElec
                  | rN+ rCorr}
  8780 | D:8      | Found a staircase to the Lair.
  8785 | D:8      | Reached skill level 9 in Fire Magic
  8788 | D:8      | Noticed Pikel
  8868 | D:8      | Killed Pikel
  8869 | D:8      | Reached skill level 5 in Evocations
  8869 | D:8      | Gained mutation: You are completely covered in thin
                  | metallic scales. (AC +4, rElec) [demonic ancestry]
  8869 | D:8      | Reached XP level 10. HP: 43/74 MP: 14/16
  9438 | D:9      | Found a sacrificial altar of Ru.
  9551 | D:9      | Found an ancient bone altar of Kikubaaqudgha.
  9591 | D:9      | Reached * piety under Dithmenos
  9774 | D:9      | Reached skill level 10 in Fire Magic
  9869 | D:9      | Found a basalt altar of Yredelemnul.
 10072 | D:9      | Reached skill level 1 in Long Blades
 10590 | D:10     | Entered Level 10 of the Dungeon
 10624 | D:10     | Found a blossoming altar of Fedhas.
 10833 | D:10     | Noticed a manticore
 10838 | D:10     | Noticed a centaur warrior
 10849 | D:10     | Killed a centaur warrior
 10854 | D:10     | Killed a manticore
 11311 | D:10     | Noticed Amaemon
 11312 | D:10     | Noticed an orange demon
 11319 | D:10     | Killed an orange demon
 11323 | D:10     | Killed Amaemon
 11324 | D:10     | Reached XP level 11. HP: 33/79 MP: 1/18
 11513 | D:10     | Found Zitopux's Book Shop.
 11522 | D:10     | Bought a book of Fire for 300 gold pieces
 11527 | D:10     | Learned a level 4 spell: Sticky Flame
 11594 | D:10     | Found an iron altar of Okawaru.
 11604 | D:10     | Reached skill level 10 in Invocations
 11754 | D:10     | Reached ** piety under Dithmenos
 11875 | D:10     | Found a shimmering altar of Xom.
 11910 | D:10     | Noticed a white ugly thing
 11921 | D:10     | Killed a white ugly thing
 11923 | D:10     | Noticed an ogre mage
 11926 | D:10     | Killed an ogre mage
 11927 | D:10     | Reached skill level 5 in Long Blades
 11927 | D:10     | Reached skill level 5 in Spellcasting
 11982 | D:10     | Identified the +9 plate armour "Savirphi" {rElec Int+8
                  | Dex-4}
 12075 | D:10     | Noticed a centaur warrior
 12082 | D:10     | Killed a centaur warrior
 12099 | D:10     | Noticed a harpy
 12113 | D:10     | Killed a harpy
 12151 | D:10     | Got the Precepts of the Missiles
 12239 | D:10     | Noticed a boulder beetle
 12250 | D:10     | Killed a boulder beetle
 12250 | D:10     | Noticed a catoblepas
 12319 | D:10     | Killed a catoblepas
 12488 | D:10     | Identified the staff of earth "Ulechog" {Str+3 Dex+3
                  | Stlth+}
 12581 | D:11     | Noticed a two-headed ogre
 12588 | D:11     | Killed a two-headed ogre
 12721 | D:11     | Found a staircase to the Orcish Mines.
 12734 | D:11     | Noticed a boulder beetle
 12746 | D:11     | Reached *** piety under Dithmenos
 12753 | D:11     | Killed a boulder beetle
 12756 | D:11     | Reached XP level 12. HP: 86/86 MP: 23/23
 12846 | D:11     | Found Focom's Jewellery Shoppe.
 12956 | D:11     | Noticed a two-headed ogre
 12962 | D:11     | Killed a two-headed ogre
 13499 | Lair:1   | Entered Level 1 of the Lair of Beasts
 13709 | Lair:1   | Noticed a boulder beetle
 13734 | Lair:1   | Killed a boulder beetle
 14380 | Lair:2   | Found a frozen archway.
 14388 | Lair:2   | Reached **** piety under Dithmenos
 14453 | IceCv    | Entered an ice cave
 14516 | IceCv    | Found a transporter.
 14523 | IceCv    | Identified the +2 pair of boots "Meg Zoanum" {Str+5 Int+3
                  | Slay+2}
 14534 | IceCv    | Found a transporter.
 14548 | IceCv    | Reached skill level 10 in Long Blades
 14987 | IceCv    | Learned a level 5 spell: Fireball
 15088 | Lair:2   | Noticed a five-headed hydra
 15106 | Lair:2   | Killed a five-headed hydra
 15208 | Lair:2   | Found a staircase to the Snake Pit.
 15928 | Lair:3   | Reached XP level 13. HP: 78/91 MP: 25/25
 16140 | Lair:3   | Noticed Nergalle
 16152 | Lair:3   | Killed Nergalle
 16352 | Lair:3   | Found a dark tunnel.
 16357 | Volcano  | Entered a volcano
 16490 | Volcano  | Reached ***** piety under Dithmenos
 16827 | Volcano  | Noticed an orb of fire
 16929 | Volcano  | Noticed an orb of fire
 17319 | Lair:3   | Identified the +1 leather armour of the Trombone {Int+2}
 17336 | Lair:3   | Found a staircase to the Swamp.
 19097 | Lair:5   | Entered Level 5 of the Lair of Beasts
 19122 | Lair:5   | Found a runed translucent door.
 19122 | Lair:5   | Found a shimmering altar of Xom.
 19122 | Lair:5   | Noticed soul19's ghost (journeyman DsFi)
 19169 | Lair:5   | Found a viscous altar of Jiyva.
 19169 | Lair:5   | Found a staircase to the Slime Pits.
 19178 | Lair:5   | Reached skill level 11 in Fire Magic
 19606 | Lair:5   | Reached skill level 12 in Fire Magic
 19689 | Lair:5   | Gained mutation: You are robust. (+10% HP) [demonic
                  | ancestry]
 19689 | Lair:5   | Reached XP level 14. HP: 88/107 MP: 26/26
 19835 | Lair:5   | Found a large runed translucent door.
 19836 | Lair:5   | Found a large runed translucent door.
 20581 | Lair:5   | Found a runed translucent door.
 20582 | Lair:5   | Found a shimmering altar of Xom.
 20772 | Lair:5   | Found a viscous altar of Jiyva.
 20773 | Lair:5   | Found a staircase to the Slime Pits.
 21276 | Lair:5   | Killed soul19's ghost
 21509 | D:3      | Killed ZoeForever1's ghost
 21511 | D:3      | Killed Zeldest's ghost
 21514 | D:3      | Killed Akorn's ghost
 21515 | D:3      | Killed cheesebisquit's ghost
 21751 | D:12     | Reached skill level 13 in Fire Magic
 22150 | D:12     | Reached skill level 14 in Fire Magic
 22885 | D:13     | Reached ****** piety under Dithmenos
 23080 | D:13     | Noticed Lodul
 23108 | D:13     | Killed Lodul
 23227 | D:13     | Reached skill level 15 in Fire Magic
 23551 | D:14     | Found a broken altar of Ashenzari.
 23641 | D:14     | Identified the +2 ring mail of Prudence {+Blink rC- Will+
                  | Str+2}
 23741 | D:14     | Reached XP level 15. HP: 74/113 MP: 27/27
 23805 | D:14     | Found a runed translucent gate.
 23805 | D:14     | Found a runed translucent gate.
 23805 | D:14     | Found a runed translucent gate.
 23812 | D:14     | Identified the +2 plate armour of Maesuaq {rC++ SInv}
 23813 | D:14     | Noticed timneilson's ghost (journeyman GrFi)
 23817 | D:14     | Identified the ring of the Garden {+Blink Will+ MP+9
                  | Slay+4}
 24171 | D:14     | Found a gate to the Vaults.
 24336 | D:14     | Killed timneilson's ghost
 24534 | D:15     | Entered Level 15 of the Dungeon
 24542 | D:15     | Reached skill level 15 in Invocations
 25031 | D:15     | Found a staircase to the Depths.
 25534 | Orc:1    | Entered Level 1 of the Orcish Mines
 25810 | Orc:1    | Found a transporter.
 25811 | Orc:1    | Found a transporter.
 25811 | Orc:1    | Found a transporter.
 25817 | Orc:1    | Found a sparkling altar of Nemelex Xobeh.
 25817 | Orc:1    | Noticed a juggernaut
 25822 | Orc:1    | Found a transporter.
 25822 | Orc:1    | Found a transporter.
 25827 | Orc:1    | Found a transporter.
 26176 | Orc:2    | Entered Level 2 of the Orcish Mines
 26180 | Orc:2    | Noticed Josephine
 26190 | Orc:2    | Killed Josephine
 26192 | Orc:2    | Noticed Donald
 26397 | Orc:2    | Killed Donald
 26398 | Orc:2    | Reached skill level 5 in Conjurations
 26516 | Orc:2    | Found a staircase to the Elven Halls.
 26772 | Orc:2    | Found Titaimpo's Antique Weapon Emporium.
 26793 | Orc:2    | Reached skill level 16 in Fire Magic
 27259 | Orc:2    | Found Huita's Assorted Antiques.
 27321 | Orc:2    | Found Etuonug's General Store.
 27332 | Orc:2    | Found Fotomuq's Magic Scroll Emporium.
 27600 | Orc:2    | Bought a scroll of butterflies for 48 gold pieces
 27600 | Orc:2    | Bought a scroll of vulnerability for 48 gold pieces
 27600 | Orc:2    | Bought a scroll of fog for 48 gold pieces
 27600 | Orc:2    | Bought a scroll of magic mapping for 90 gold pieces
 27600 | Orc:2    | Bought a scroll of vulnerability for 48 gold pieces
 27602 | Orc:2    | Bought a scroll of blinking for 120 gold pieces
 27602 | Orc:2    | Bought a scroll of torment for 152 gold pieces
 27610 | Orc:2    | Bought a scroll of fear for 108 gold pieces
 27610 | Orc:2    | Bought a scroll of identify for 54 gold pieces
 27610 | Orc:2    | Bought a box of beasts for 1080 gold pieces
 27610 | Orc:2    | Bought a scroll of identify for 54 gold pieces
 27610 | Orc:2    | Bought a scroll of fog for 108 gold pieces
 27758 | Depths:1 | Entered Level 1 of the Depths
 28202 | Elf:1    | Entered Level 1 of the Elven Halls
 28224 | Elf:1    | Learned a level 6 spell: Starburst
 28259 | Elf:1    | Gained mutation: When hurt, damage is shared between your
                  | health and your magic reserves. [demonic ancestry]
 28259 | Elf:1    | Reached XP level 16. HP: 93/119 MP: 28/28
 28373 | Elf:1    | Found Tefote's Weapon Boutique.
 28373 | Elf:1    | Found Curaa's Jewellery Shop.
 28432 | Elf:1    | Identified the staff of fire "Wyrig" {rElec rF+ Will+}
 28441 | Elf:1    | Found Atofutol's Book Boutique.
 28554 | Elf:1    | Noticed an Ice Fiend
 28643 | Elf:1    | Got Ywucae's Almanac of the Swarm
 28674 | Elf:1    | Paralysed by an air elemental for 1 turns
 29252 | Elf:2    | Identified the +1 scale mail of Eternal Vigilance {Rampage
                  | rElec Stlth+}
 29610 | Elf:2    | Found a huge runed translucent gate.
 29610 | Elf:2    | Found a huge runed translucent gate.
 29610 | Elf:2    | Found a huge runed translucent gate.
 29616 | Elf:2    | Found a huge runed translucent gate.
 29616 | Elf:2    | Found a huge runed translucent gate.
 29873 | Elf:3    | Entered Level 3 of the Elven Halls
 29933 | Elf:1    | Bought the ring of the Prince {Wiz rC+} for 484 gold pieces
 29973 | Elf:3    | Reached skill level 17 in Fire Magic
 30103 | Elf:3    | Found Genevyw's Book Shoppe.
 30196 | Elf:3    | Found Xoodyryp's Distillery.
 30268 | Elf:3    | Found a large runed translucent door.
 30268 | Elf:3    | Found a large runed translucent door.
 30271 | Elf:3    | Noticed Dataggej's ghost (adept MiBe)
 30272 | Elf:3    | Found the +3 Mad Mage's Maulers {Infuse+∞ VampMP -Cast}
 30423 | Elf:3    | Found a shimmering blue altar of Sif Muna.
 30534 | Elf:3    | Noticed a deep elf blademaster
 30544 | Elf:3    | Killed a deep elf blademaster
 30558 | Elf:3    | Identified the staff of death "Ysutt" {Fly rN+ Str-3 Int+3
                  | Dex+3}
 30558 | Elf:3    | Found the +10 Black Knight's barding {ponderous, rPois rN+}
 30733 | Elf:3    | Identified the +9 plate armour of Fecuregg {Will+ Str+3}
 30733 | Elf:3    | Noticed a deep elf blademaster
 30833 | Elf:3    | Identified the +4 war axe "Wagryint" {drain, rElec Will+
                  | Int+3}
 30840 | Elf:3    | Identified the +8 morningstar of Insufficient Pleasure
                  | {heavy, Str+3}
 30851 | Elf:3    | Noticed a deep elf master archer
 30989 | Elf:3    | Killed a deep elf master archer
 31061 | Elf:3    | Reached skill level 1 in Shields
 31239 | Elf:3    | Gained mutation: Your touch may irresistibly damage your
                  | foes and sap their willpower. [demonic ancestry]
 31239 | Elf:3    | Reached XP level 17. HP: 116/118 MP: 5/30
 31357 | Elf:3    | Identified the +2 scale mail of Elyvilon's Outrage {Int+2
                  | Slay+3}
 31373 | Elf:3    | Killed a deep elf blademaster
 31414 | Elf:3    | Identified the ring of Resumed Hostilities {Fly Dex+4}
 31583 | Elf:3    | Reached skill level 5 in Stealth
 31888 | Elf:3    | Learned a level 8 spell: Ignition
 31907 | Elf:3    | Noticed a deep elf master archer
 31910 | Elf:3    | Killed a deep elf master archer
 32047 | Elf:3    | Identified the ring of Patience {rF- rCorr SInv Stlth+}
 32627 | Depths:1 | Noticed a lich
 32627 | Depths:1 | Noticed a juggernaut
 32656 | Depths:1 | HP: 2/108 [poisoned by a spriggan defender]
 32659 | Depths:1 | You fall into a shaft and drop 1 floor!
 32659 | Depths:2 | Noticed a tentacled monstrosity
 32670 | Depths:2 | Killed a tentacled monstrosity
 32755 | Depths:2 | Upgraded the game from 0.30-a0-913-g9934a0ce24 to
                  | 0.30-a0-918-g0ff054e9dc
 32878 | Depths:2 | Noticed a lich
 32888 | Depths:2 | Killed a lich
 32948 | Depths:2 | Noticed a quicksilver dragon
 32990 | Depths:2 | Noticed a golden dragon
 32994 | Depths:2 | Killed a golden dragon
 32995 | Depths:2 | Reached skill level 10 in Spellcasting
 33017 | Depths:2 | Reached skill level 5 in Shields
 33057 | Depths:2 | Reached skill level 10 in Evocations
 33120 | Depths:2 | Killed a quicksilver dragon
 33121 | Depths:2 | Reached skill level 18 in Fire Magic
 33246 | Depths:2 | Noticed a golden dragon
 33299 | Depths:2 | Killed a golden dragon
 33300 | Depths:2 | Reached XP level 18. HP: 81/133 MP: 7/32
 33384 | Depths:3 | Got Goaghefe's Parchment of Summoning
 33643 | Depths:4 | Entered Level 4 of the Depths
 33889 | Depths:4 | Identified the +6 short sword "Thing" {antimagic, Contam
                  | rElec rCorr SInv}
 34022 | Depths:3 | Found a transporter.
 34312 | Depths:1 | Found a gateway to Hell.
 34756 | Snake:1  | Entered Level 1 of the Snake Pit
 35048 | Snake:1  | Identified the +5 chain mail of Wiall {rElec}
 35097 | Snake:1  | Identified the ring "Jujyus" {Drain Will+ Str+3 SInv}
 35654 | Snake:1  | You fall into a shaft and drop 1 floor!
 35999 | Snake:2  | Found a radiant altar of Vehumet.
 36077 | Snake:2  | Noticed Aizul
 36104 | Snake:2  | Killed Aizul
 36801 | Snake:2  | Reached skill level 10 in Stealth
 37201 | Snake:3  | Reached skill level 19 in Fire Magic
 37543 | Snake:3  | Found Voguasow's Magic Scroll Boutique.
 37548 | Snake:3  | Bought a scroll of poison for 64 gold pieces
 37548 | Snake:3  | Bought a scroll of teleportation for 48 gold pieces
 37548 | Snake:3  | Bought a scroll of magic mapping for 120 gold pieces
 37548 | Snake:3  | Bought a scroll of immolation for 64 gold pieces
 37630 | Snake:3  | Found a broken altar of Ashenzari.
 37688 | Snake:3  | Learned a level 5 spell: Plasma Beam
 37835 | Snake:4  | Entered Level 4 of the Snake Pit
 37836 | Snake:4  | Noticed Vashnia
 37839 | Snake:4  | Reached skill level 1 in Air Magic
 37841 | Snake:4  | Killed Vashnia
 37842 | Snake:4  | Reached XP level 19. HP: 101/147 MP: 4/33
 37938 | Snake:4  | Found Zajistroi's General Store.
 38188 | Snake:4  | Noticed Asterion
 38196 | Snake:4  | Killed Asterion
 38517 | Snake:4  | Bought a potion of curing for 42 gold pieces
 38606 | Snake:4  | Found Iwnevvan's Weapon Shoppe.
 38996 | Snake:4  | Found Curgh's Weapon Shoppe.
 39073 | Snake:4  | Found Gucoergh's Weapon Emporium.
 39168 | Snake:4  | Found Wippin's Magic Scroll Shop.
 39185 | Snake:4  | Bought a scroll of fear for 60 gold pieces
 39185 | Snake:4  | Bought a scroll of magic mapping for 112 gold pieces
 39185 | Snake:4  | Bought a scroll of vulnerability for 60 gold pieces
 39185 | Snake:4  | Bought a scroll of teleportation for 45 gold pieces
 39185 | Snake:4  | Bought a scroll of enchant armour for 112 gold pieces
 39376 | Snake:4  | Reached skill level 5 in Air Magic
 39994 | Snake:4  | Reached skill level 20 in Fire Magic
 40326 | Snake:4  | Got a serpentine rune of Zot
 40578 | Swamp:1  | Entered Level 1 of the Swamp
 40791 | Swamp:1  | Noticed Mlioglotl
 40798 | Swamp:1  | Killed Mlioglotl
 41390 | Swamp:2  | Reached skill level 10 in Fighting
 41607 | Swamp:2  | Reached XP level 20. HP: 161/161 MP: 34/34
 42047 | Swamp:2  | Found an ancient bone altar of Kikubaaqudgha.
 42292 | Swamp:3  | Reached skill level 21 in Fire Magic
 42429 | Swamp:3  | Noticed Louise
 42434 | Swamp:3  | Killed Louise
 43054 | Swamp:4  | Entered Level 4 of the Swamp
 43071 | Swamp:4  | Found a runed translucent door.
 43079 | Swamp:4  | Noticed pigah's ghost (adept OpWn)
 43088 | Swamp:4  | Identified the +0 robe "Runa" {rF+ rC+ Slay+3}
 43450 | Swamp:4  | Killed pigah's ghost
 43898 | Swamp:4  | Reached skill level 22 in Fire Magic
 44072 | Swamp:4  | Got a decaying rune of Zot
 44452 | Slime:1  | Entered Level 1 of the Pits of Slime
 44644 | Slime:3  | Gained mutation: You are weak. (Str -2) [a shining eye]
 44776 | Slime:5  | Entered Level 5 of the Pits of Slime
 45288 | Slime:5  | Gained mutation: You have hidden genetic defects. [a
                  | shining eye]
 45292 | Slime:5  | Lost mutation: You are weak. (Str -2) [potion of mutation]
 45292 | Slime:5  | Lost mutation: You have hidden genetic defects. [potion of
                  | mutation]
 45292 | Slime:5  | Gained mutation: Your system is resistant to poisons.
                  | (rPois) [potion of mutation]
 45292 | Slime:5  | Gained mutation: You are agile. (Dex +4, Str/Int -1)
                  | [potion of mutation]
 45292 | Slime:5  | Gained mutation: Your mind is acute. (Int +4, Str/Dex -1)
                  | [potion of mutation]
 45304 | Slime:5  | Noticed the Royal Jelly
 45378 | Slime:5  | Killed the Royal Jelly
 45379 | Slime:5  | Reached skill level 23 in Fire Magic
 45390 | Slime:5  | HP: 7/161 [rockslime[the Royal Jelly] (8)]
 45418 | Slime:5  | Demolished by a rockslime

Illustrated notes

Levels and vault maps discovered:
D:1:      saegor_arrival_simple_e, layout_basic, minivault_11,
          minmay_misc_feat_nine_boxes, minmay_liquid_box,
          dreamdust_princess_bridge, dreamdust_mushroom_princess,
          kennysheep_pointless_box
D:2:      layout_basic, chequers_big_river, uniq_terence
D:3:      layout_rooms, gammafunk_ghost_cemetery, supply_closet_lemuel
D:4:      layout_loops_ring, kennysheep_little_box,
          gammafunk_temple_overflow_elements, lemuel_temple_firewalk_b,
          minmay_misc_feat_tiny
D:5:      layout_basic, grunt_ministairs_3, uniq_blork_the_orc, uniq_grinder
D:6:      layout_layer_cave, nicolae_uskayaw_dance_studio,
          kennysheep_flooded_box, uniq_sigmund
D:7:      layout_basic, minmay_fountain_box, uniq_maggie
D:8:      layout_loops_ring, erik_lair_orcish_takeover, grunt_decor_resistance,
          uniq_pikel, uniq_prince_ribbit1
D:9:      layout_stronghold, yredelemnul_altar_generic,
          nicolae_ru_great_annihilating_truth, kiku_gazebo_pond_becter
D:10:     minmay_chopped_fan, layout_loops_ring,
          mainiacjoe_overflow_concentric_impassable,
          mainiacjoe_overflow_alcove_2, mainiacjoe_overflow_surrounded_room,
          serial_shops, nicolae_lakefront_shop, uniq_amaemon
D:11:     statuecave_lemuel, layout_basic, erik_orc_4, serial_shops,
          nicolae_square_shop
D:12:     layout_roguey, minmay_pinched_square
D:13:     layout_irregular_city, uniq_lodul
D:14:     layout_basic, grunt_vaults_entry_tiered, ashenzari_altar_1,
          biasface_ghost_orc_armoury
D:15:     grunt_enter_depths_hoard, layout_basic, minmay_misc_feat_columns
Temple:   hellmonk_temple_forest_ring
Lair:1:   layout_gridlike, serial_rivers, chequers_serial_rivers_micro_c,
          chequers_serial_rivers_micro_b, chequers_serial_rivers_micro_a,
          chequers_serial_rivers_micro_e, chequers_serial_rivers_room_b,
          chequers_serial_rivers_marsh, nicolae_quartered_pool_super,
          serial_bayou_shore_b
Lair:2:   layout_roguey, guppyfry_snake_entry_island,
          portal_ice_cave_entry_imps, hibernation_bobbens
Lair:3:   layout_layer_cave, skrybe_swamp_entry_bodies,
          nicolae_volcano_entry_s_turn, uniq_nergalle
Lair:4:   layout_layer_cave, pdpol_lair_neglected_garden
Lair:5:   cheibrodos_lair_end_hotspot, layout_hall_layers, slime_entry_1,
          ebering_ghost_xom
Swamp:1:  layout_basic_swamp, nicolae_swamp_tree_designs,
          infiniplex_staircase_pool, uniq_mlioglotl
Swamp:2:  layout_basic_swamp, hangedman_swamp_ruin_wall, grunt_ruined_hall
Swamp:3:  layout_basic_swamp, evilmike_swamp_ruin_house_1,
          hangedman_swamp_lotus, uniq_louise
Swamp:4:  swamp_basic_johnstein, layout_basic_swamp, gammafunk_ghost_grave,
          swamp_pool5, nicolae_swamp_thats_no_hydra
Snake:1:  layout_cave_pods, nicolae_snake_lava_pool, grunt_megastairs_2,
          serial_bayou_shore_b
Snake:2:  layout_chambers, basic_altar, lemuel_fruit_tree, uniq_aizul
Snake:3:  layout_rooms, basic_altar, serial_shops, shop_scrolls
Snake:4:  snake_pit_salamanders_mu, layout_cave_town, basic_altar, serial_shops,
          nicolae_lakefront_shop, nicolae_shop_advertising_works
          [nicolae_subvault_shop_adworks], shop,
          nicolae_shop_bloodbath_and_beyond, nicolae_shop_waterfront,
          uniq_vashnia, uniq_asterion
Slime:1:  layout_caves
Slime:2:  layout_caves
Slime:3:  layout_caves
Slime:4:  layout_caves, cheibrodos_slime_lost_civilization_7
Slime:5
Orc:1:    layout_diamond_mine, basic_altar, hellmonk_jugg_or_not
Orc:2:    st_orc_elflike, layout_caves, uniq_josephine, uniq_donald
Elf:1:    elf_arrival_001, layout_gridlike, serial_shops, shop,
          minmay_elf_demonology, minmay_shoptagon
Elf:2:    elven_hall_of_blades_hangedman_alternative [mumra_blade_entry_dagger],
          layout_gridlike
Elf:3:    grunt_elf_hall_branching, layout_gridlike, serial_shops,
          shop_fountains, ebering_ghost_disaster_area, basic_altar,
          minmay_shop_grid_forest
Depths:1: minmay_shrinking_squares, layout_gridlike, hellmouth_2,
          gammafunk_ghost_smash, kennysheep_diamond,
          chequers_serial_rivers_small_3, zin_purify
Depths:2: minmay_octo_star, layout_cave_pools, enter_ziggurat_a,
          grunt_pan_entry_in_and_out, hell_entry,
          hangedman_abyss_or_decor_stabs, infiniplex_staircase_trident
Depths:3: gammafunk_its_a_trap, layout_small_grid, nicolae_titane, hell_entry,
          abyss_entry, minivault_10, serial_bayou_shore_a, uniq_josephina,
          uniq_sojobo
Depths:4: grunt_twist_and_shout, layout_gridlike, pf_vacation_house_of_asmodeus,
          nicolae_dithmenos_through_a_glass_darkly, uniq_vv

Skill      XL: |  1  2  3  4  5  6  7  8  9 10 11 12 13 14 15 16 17 18 19 20 |
---------------+-------------------------------------------------------------+-----
Fighting       | 1 2 3 5 8 10 | 10.0
Dodging        | 2 4 |  4.0
Stealth        | 2 4 7 10 | 10.0
Fire Magic     | 3 4 5 6 8 9 10 12 15 16 17 18 19 20 23 | 23.1
Conjurations   | 2 3 6 7 8 |  8.0
Spellcasting   | 4 7 8 9 10 | 10.5
Hexes          | 3 |  3.0
Invocations    | 4 5 9 10 12 15 | 15.0
Evocations     | 5 8 10 | 10.0
Long Blades    | 3 7 12 14 | 14.0
Shields        | 1 5 |  5.0
Air Magic      | 1 6 |  6.0

Action                     |  1- 3 |  4- 6 |  7- 9 | 10-12 | 13-15 | 16-18 | 19-21 || total
---------------------------+-------+-------+-------+-------+-------+-------+-------++-------
  Melee: Unarmed           |     8 |    16 |    25 |       |       |       |       ||    49
         Touch             |       |     3 |     9 |    66 |   148 |    33 |       ||   259
         Long sword        |       |       |     8 |   265 |   662 |   629 |   313 ||  1877
         Punch             |       |       |       |     4 |    12 |     2 |       ||    18
   Cast: Foxfire           |    60 |   100 |   129 |    35 |    10 |       |       ||   334
         Scorch            |       |    13 |    39 |    53 |     5 |     6 |       ||   116
         Flame Wave        |       |     4 |     7 |    16 |    21 |       |       ||    48
         Inner Flame       |       |       |     1 |       |    13 |     5 |       ||    19
         Sticky Flame      |       |       |       |    10 |    18 |    11 |       ||    39
         Fireball          |       |       |       |    16 |   108 |   170 |     1 ||   295
         Starburst         |       |       |       |       |       |    36 |     7 ||    43
         Ignition          |       |       |       |       |       |    34 |    48 ||    82
         Plasma Beam       |       |       |       |       |       |     4 |   360 ||   364
 Invoke: Shadow Form       |       |       |       |       |       |     1 |       ||     1
Ability: Evoke Blink       |       |       |       |       |     2 |     1 |       ||     3
  Evoke: Wand              |       |       |       |    17 |    26 |    22 |     1 ||    66
         Tin of tremorston |       |       |       |       |     2 |     3 |     3 ||     8
         Condenser vane    |       |       |       |       |     1 |     3 |       ||     4
         Box of beasts     |       |       |       |       |       |     5 |     2 ||     7
         Phantom mirror    |       |       |       |       |       |     2 |       ||     2
    Use: Scroll            |       |     5 |       |    12 |     8 |    14 |     9 ||    48
         Potion            |       |       |       |     2 |     2 |    20 |     5 ||    29
   Stab: Sleeping          |       |     1 |       |     4 |    10 |    18 |     2 ||    35
         Paralysed         |       |       |       |     2 |       |       |       ||     2
         Distracted        |       |       |       |     2 |     1 |     8 |     3 ||    14
         Betrayed ally     |       |       |       |     1 |       |       |       ||     1
 Armour: Robe              |    16 |    14 |     7 |       |       |       |       ||    37
         Steam dragon scal |       |       |     3 |    52 |       |       |       ||    55
         Troll leather arm |       |       |       |   121 |   217 |   156 |   161 ||   655
  Dodge: Dodged            |    15 |    12 |    33 |   243 |   300 |   193 |   145 ||   941
  Block: Other             |       |       |       |    37 |   113 |    22 |       ||   172
         Reflection        |       |       |       |       |    10 |    15 |    16 ||    41
         Buckler           |       |       |       |       |       |   194 |   188 ||   382

Table legend: (Time is in decaauts)
 A = Elapsed time spent in this place.
 B = Non-inter-level travel time spent in this place.
 C = Inter-level travel time spent in this place.
 D = Time resting spent in this place.
 E = Time spent auto-exploring this place.
 F = Levels seen in this place.
 G = Mean time per level.
                   A        B        C        D        E       F      G
               +--------+--------+--------+--------+--------+-----+--------+
         Total |  45309 |  41910 |   3399 |   4271 |  29705 |  45 | 1006.9 |
       Dungeon |  18012 |  16254 |   1758 |    393 |  13389 |  15 | 1200.8 |
        Temple |    176 |    142 |     34 |      0 |    131 |   1 |  176.0 |
          Lair |   6700 |   6274 |    426 |    233 |   5015 |   5 | 1340.0 |
         Swamp |   3942 |   3803 |    139 |    285 |   2822 |   4 |  985.5 |
     Snake Pit |   5653 |   5394 |    259 |    602 |   3577 |   4 | 1413.2 |
    Slime Pits |    967 |    947 |     20 |    522 |    154 |   5 |  193.4 |
  Orcish Mines |   2233 |   1874 |    359 |    357 |   1211 |   2 | 1116.5 |
   Elven Halls |   4102 |   3779 |    323 |    474 |   2560 |   3 | 1367.3 |
        Depths |   2096 |   2020 |     76 |    894 |    409 |   4 |  524.0 |
      Ice Cave |    629 |    629 |      0 |    471 |     24 |   1 |  629.0 |
       Volcano |    795 |    795 |      0 |     39 |    411 |   1 |  795.0 |
               +--------+--------+--------+--------+--------+-----+--------+

Top non-repeatable levels by time:
 Snake:4: 2581 daAuts
   Elf:3: 2342 daAuts
  Lair:5: 2217 daAuts
    D:10: 2083 daAuts
     D:6: 1572 daAuts
  Lair:3: 1440 daAuts
 Snake:2: 1425 daAuts
     D:2: 1422 daAuts
     D:5: 1396 daAuts
 Swamp:4: 1318 daAuts
     D:9: 1266 daAuts
   Orc:1: 1265 daAuts
     D:8: 1245 daAuts
  Lair:4: 1199 daAuts
    D:14: 1177 daAuts
